 Dungeon Crawl Stone Soup version 0.28-a0-1513-ge4f4046303 (webtiles) character file.

Game seed: 136894434573960611

75 Majang the Grasshopper (level 4, -4/37 HPs)
             Began as a Ghoul Warper on Jan 16, 2022.
             Killed from afar by Sigmund (7 damage)
             ... with a magic dart
             ... on level 2 of the Dungeon.
             The game lasted 00:09:16 (1756 turns).

Majang the Grasshopper (Ghoul Warper)               Turns: 1756, Time: 00:09:16

Health: -4/37      AC:  5    Str: 14    XL:     4   Next: 31%
Magic:  6/6        EV: 10    Int: 10    God:
Gold:   25         SH:  0    Dex:  8    Spells: 2/7 levels left

rFire   + . .      SeeInvis .   a - +4 spear
rCold   + + .      Faith    .   (no shield)
rNeg    + + +      Spirit   .   e - +0 ring mail
rPois   ∞          Reflect  .   (no helmet)
rElec   +          Harm     .   (no cloak)
rCorr   +          Rampage  .   (no gloves)
Will    .....                   (no boots)
Stlth   ..........              (no amulet)
HPRegen 0.00/turn               (no ring)
MPRegen 0.10/turn               (no ring)

@: resistant, inhibited regen, hasted, very quick
A: claws 1, cold resistance 1, negative energy resistance 3, inhibited
regeneration, torment resistance 2
a: no special abilities


You were on level 2 of the Dungeon.
You visited 1 branch of the dungeon, and saw 2 of its levels.

You collected 25 gold pieces.

Inventory:

Hand Weapons
 a - a +4 spear (weapon)
 b - a +0 hunting sling
Missiles
 f - 41 stones (quivered)
 h - 28 bolts
Armour
 d - a +0 leather armour
 e - a +0 ring mail (worn)
 l - a +0 scale mail
Scrolls
 i - a scroll of blinking
 k - a scroll of amnesia {unknown}


   Skills:
 + Level 2.8 Fighting
 - Level 0.8 Throwing
 - Level 0.8 Armour
 - Level 1.7 Dodging
 * Level 3.3 Unarmed Combat
 + Level 2.1 Spellcasting
 * Level 3.3 Translocations


You had 2 spell levels left.
You knew the following spells:

 Your Spells              Type           Power      Damage    Failure   Level
a - Blink                 Tloc           14%        N/A       24%         2
t - Teleport Other        Tloc           7%         N/A       43%         3

Your spell library contained the following spells:

 Spells                   Type           Power      Damage    Failure   Level
 Gell's Gravitas          Tloc           7%         N/A       43%         3
 Lesser Beckoning         Tloc           7%         N/A       43%         3
 Manifold Assault         Tloc           7%         N/A       99%         5


Dungeon Overview and Level Annotations

Branches:
Dungeon (2/15)

Altars:
Ashenzari

Annotations:
D:2 Sigmund


Innate Abilities, Weirdness & Mutations

You thrive by killing the living.
You are immune to poison.
You have sharp fingernails.
Your flesh is cold resistant. (rC+)
You are immune to negative energy. (rN+++)
You do not regenerate when monsters are visible.
You are immune to unholy pain and torment.


Message History

Sigmund gestures at you while chanting. The magic dart hits you.
Reach: a) +4 spear
Press: ? - help, Dir - move target, f/p - Sigmund
Aim: Sigmund, wielding a +0 scythe and wearing a +0 robe (moderately wounded, about 40% to evade your +4 spear)
You reach to attack!
You closely miss Sigmund.
Sigmund is moderately wounded.
Sigmund casts a spell.
Sigmund flickers and vanishes!
Deactivating autopickup; reactivate with Ctrl-A.
You hear some strange, mumbled words.
You are confused.
You bump into the rock wall.
Something completely misses you.
Unknown command.
It was a potion of haste.
You feel yourself speed up.
It was a potion of resistance.
You feel protected. Something hits you. Something hits you.
You're too confused to move!
You feel less confused.
You hit something. Your claw misses something. Something hits you!
You hit something. You miss something. Something hits you.
You closely miss something. You miss something.
You hear some strange, mumbled words.
A puff of flame appears from out of thin air!
The puff of flame misses you.
You barely miss something.
You hear some strange, mumbled words.
Something tries to affect you, but you resist.
You puncture something! Something hits you!
* * * LOW HITPOINT WARNING * * *
You closely miss something. You barely miss something.
You hear some strange, mumbled words.
A magic dart appears from out of thin air!
The magic dart hits you!
You die...

##.#.## ###......
#.....# #.####. ##.#.###
#.####. #......# #.##...
##.#.#.####.##.#.
#........##......
##.#.###.#####...
#.######.....##.........
......{@#.#.###.#######<
#.###.#.........# #. #
###.#.#..## #. #.......#
##' ##.#.#..# ##..
#.>.....# ##...
##.#.#..# ##....
..##.......####.....
..............+.....


There were no monsters in sight!

Vanquished Creatures
  2 adders (D:2)
  A worm (D:2)
  A dart slug (D:2)
  7 endoplasms
  2 giant cockroaches
  3 goblins (D:1)
  3 hobgoblins
  10 jackals
  A quokka (D:1)
  4 ball pythons
  A bat (D:1)
  5 frilled lizards
  5 kobolds
  4 rats
49 creatures vanquished.

Notes
Turn   | Place    | Note
-------+----------+-------------------------------------------
     0 | D:1      | Majang the Ghoul Warper began the quest for the Orb.
     0 | D:1      | Reached XP level 1. HP: 17/17 MP: 2/2
   200 | D:1      | Found a faded altar of an unknown god.
   282 | D:1      | Reached XP level 2. HP: 22/24 MP: 3/3
   592 | D:1      | Reached XP level 3. HP: 30/30 MP: 5/5
  1042 | D:2      | Learned a level 2 spell: Blink
  1067 | D:2      | Learned a level 3 spell: Teleport Other
  1256 | D:2      | Found a broken altar of Ashenzari.
  1296 | D:2      | Reached XP level 4. HP: 32/37 MP: 6/6
  1733 | D:2      | Noticed Sigmund
  1756 | D:2      | Killed from afar by Sigmund

Illustrated notes

Levels and vault maps discovered:
D:1:      minmay_arrival_four_houses, layout_basic,
          shapermc_ecumenical_altar_acropolis
D:2:      layout_loops_corners, basic_altar, st_stairs_13, uniq_sigmund

Skill      XL: |  1  2  3 |
---------------+----------+-----
Translocations | 3 |  3.3
Spellcasting   | 2 |  2.1
Unarmed Combat | 3 |  3.3
Fighting       | |  2.8
Throwing       | |  0.8
Armour         | |  0.8
Dodging        | |  1.7

Action                   |  1- 3 |  4- 6 || total
-------------------------+-------+-------++-------
Melee: Spear             |    83 |    32 ||   115
       Punch             |     1 |       ||     1
 Fire: Hunting sling     |    24 |     5 ||    29
Throw: Boomerang         |       |     5 ||     5
  Use: Potion            |       |     2 ||     2
Armor: Ring mail         |    18 |     6 ||    24
Dodge: Dodged            |    29 |     9 ||    38

Table legend: (Time is in decaauts)
 A = Elapsed time spent in this place.
 B = Non-inter-level travel time spent in this place.
 C = Inter-level travel time spent in this place.
 D = Time resting spent in this place.
 E = Time spent auto-exploring this place.
 F = Levels seen in this place.
 G = Mean time per level.
                   A        B        C        D        E       F      G
               +--------+--------+--------+--------+--------+-----+--------+
         Total |   1759 |   1721 |     38 |    282 |   1113 |   2 |  879.5 |
       Dungeon |   1759 |   1721 |     38 |    282 |   1113 |   2 |  879.5 |
               +--------+--------+--------+--------+--------+-----+--------+

Top non-repeatable levels by time:
     D:1: 893 daAuts
     D:2: 865 daAuts
